 Dungeon Crawl Stone Soup version 0.26.1-11-gd32895ea62 (webtiles) character file.

Game seed: 9670455622572284290

782 jlumianski the Caller (level 7, -1/25 HPs)
             Began as a Felid Summoner on June 2, 2021.
             Was an Initiate of Hepliaklqana.
             Killed from afar by an orc wizard (9 damage)
             ... with a puff of flame
             ... on level 7 of the Dungeon.
             The game lasted 00:54:41 (10267 turns).

jlumianski the Caller (Felid Summoner)             Turns: 10267, Time: 00:54:42

Health: -1/25      AC:  2    Str:  4    XL:     7   Next: 55%
Magic:  12/17      EV: 20    Int: 18    God:    Hepliaklqana [......]
Gold:   236        SH:  0    Dex: 17    Spells: 9/18 levels left
                                        Lives:  0   Deaths: 2

rFire    . . .     SeeInvis +     - Unarmed
rCold    . . .     Faith    .   (shield unavailable)
rNeg     . . .     Spirit   .   (armour unavailable)
rPois    .         Reflect  .   (helmet unavailable)
rElec    .         Harm     .   (cloak unavailable)
rCorr    .         Rampage  .   (gloves unavailable)
Will     +....                  (boots unavailable)
Stlth    +++++.....             (no amulet)
HPRegen  0.08/turn              C - ring of stealth
MPRegen  0.15/turn              (no ring)

@: quick
A: very small, no armour, no weapons or thrown items, stealth, reduced essence,
claws 1, fangs 3, see invisible, speed 1, shaggy fur 2, sharp paws
a: Renounce Religion, Recall Ancestor, Ancestor Identity


You were on level 7 of the Dungeon.
You worshipped Hepliaklqana.
Hepliaklqana was noncommittal.
You visited 2 branches of the dungeon, and saw 8 of its levels.

You collected 400 gold pieces.
You spent 164 gold pieces at shops.

Inventory:

Jewellery
 t - a cursed ring of attention
 u - an uncursed ring of fire
 w - a cursed amulet of inaccuracy
 C - a ring of stealth (left paw)
Wands
 q - a wand of iceblast (14)
 A - a wand of flame (30)
 E - a wand of acid (8)
Scrolls
 c - 2 scrolls of remove curse
 f - 2 scrolls of blinking
 g - 4 scrolls of teleportation
 h - 2 scrolls of fear
 i - 2 scrolls of enchant armour {unknown}
 k - a scroll of noise {unknown}
 l - 2 scrolls of magic mapping
 m - a scroll of enchant weapon {unknown}
 p - a scroll of amnesia {unknown}
 s - a scroll of fog
 y - 3 scrolls of identify
 B - a scroll of brand weapon {unknown}
 D - a scroll of immolation {unknown}
Potions
 a - a potion of heal wounds
 b - a potion of haste {unknown}
 d - a potion of lignification
 e - 2 potions of degeneration
 j - 2 potions of mutation {unknown}
 n - a potion of attraction
 o - a potion of ambrosia {unknown}
 r - a potion of curing
 v - a potion of cancellation {unknown}
 x - a potion of flight {unknown}
 z - a potion of berserk rage {unknown}


   Skills:
 + Level 0.5 Fighting
 * Level 4.6 Dodging
 * Level 5.9 Stealth
 + Level 1.3 Unarmed Combat
 + Level 6.0 Spellcasting
 + Level 0.2 Hexes
 + Level 7.1 Summonings
 * Level 3.5 Evocations


You had 9 spell levels left.
You knew the following spells:

 Your Spells              Type           Power        Failure   Level
a - Summon Small Mammal   Summ           100%         1%          1
b - Call Imp              Summ           31%          1%          2
c - Call Canine Familiar  Summ           31%          1%          3
d - Summon Guardian Gole  Hex/Summ       18%          9%          3

Your spell library contained the following spells:

 Spells                   Type           Power        Failure   Level
 Summon Ice Beast         Ice/Summ       18%          28%         4
 Summon Lightning Spire   Summ/Air       18%          28%         4


Dungeon Overview and Level Annotations

Branches:
Dungeon (7/15)             Temple (1/1) D:7

Altars:
Dithmenos
Fedhas
Hepliaklqana
Okawaru
Qazlal
Uskayaw
Yredelemnul
Zin

Shops:
D:6 *


Innate Abilities, Weirdness & Mutations

You cannot wear armour.
You are incapable of wielding weapons or throwing items.
Your paws allow you to move quietly. (Stealth)
You have sharp claws.
You have razor-sharp teeth.
You have supernaturally acute eyesight. (SInv)
You cover ground quickly.
You are covered in thick fur. (AC +2)
Your sharp claws are effective at attacking unaware monsters.
Your life essence is reduced to manifest your ancestor. (-10% HP)


Message History

Something closely misses Tiberius.
The centaur shouts!
The centaur wields a +4 shortbow.
The centaur shoots an arrow.
The arrow hits you.
The orc wizard points at itself and mumbles some strange words.
The orc wizard flickers and vanishes for a moment.
Your shadow imp closely misses the orc wizard.
You see here an arrow.
Tiberius hits the orc warrior.
There is a stone staircase leading down here.
The centaur shoots an arrow.
The arrow barely misses you.
Something stings your guardian golem but does no damage.
Your shadow imp misses the orc wizard.
Your crimson imp blinks!
The orc warrior hits Tiberius with a +0 flail.
Tiberius barely misses the orc warrior.
Something completely misses your guardian golem.
The orc wizard points at you and mumbles some strange words.
The puff of flame hits you!
You die...

......†..............R....
................†.y..o..!#
.......S.##.......o.5R..# #
............###...8h....#.#
............# ###...#..#.⌠.
.. .........# ####§.#...#.#
.. ......#....#...o5#....#
.. .. #.............## ##
#.5.(@(.......#
##.........c.#.#
###........#.⌠.
#....#.....#.# ###.###....#
# ### ##...# #...# #...


You could see the friendly Tiberius the ancestor (sheltered), an orc warrior, a
centaur, an orc wizard (invisible), a friendly guardian golem (summoned), a
friendly hound (summoned, sheltered), 2 friendly crimson imps and a friendly
shadow imp (summoned, sheltered).

Vanquished Creatures
  A centaur (D:6)
  A big kobold (D:4)
  A wight (D:6)
  A killer bee (D:6)
  An orc wizard (D:5)
  An orc (D:7)
  A giant cockroach (D:1)
  2 goblins
  A jackal (D:7)
  7 kobolds
  2 bats (D:1)
  A giant cockroach simulacrum (D:6)
  2 rats
22 creatures vanquished.

Vanquished Creatures (collateral kills)
  Pikel (D:7)
  Sigmund (D:6)
  The ghost of Patoropollo the Ducker, an amateur FeMo of Dithmenos (D:4)
  A phantom (D:6)
  2 ogres (D:4)
  The ghost of MyelinatedAxon the Slasher, an amateur DsGl (D:3)
  A lemure (D:6)
  4 bullfrogs
  3 wights (D:6)
  3 killer bees
  A hound (D:7)
  A jelly (D:5)
  3 orc wizards (D:5)
  6 worker ants
  9 adders
  A worker ant simulacrum (D:3)
  An ufetubus (D:5)
  An ooze (D:2)
  4 worms
  2 adder simulacra (D:3)
  4 leopard geckos
  16 orcs
  A ball python (D:3)
  3 bats (D:2)
  3 giant cockroaches
  7 goblins
  5 hobgoblins
  8 jackals
  2 quokkas (D:2)
  A ball python simulacrum (D:3)
  4 frilled lizards
  A giant cockroach simulacrum (D:3)
  16 kobolds
  A leopard gecko skeleton (D:4)
  6 rats
125 creatures vanquished.

Vanquished Creatures (others)
  An orc wizard (D:5)
  2 ancestors (D:7)
  14 fungi (D:7)
17 creatures vanquished.

Grand Total: 164 creatures vanquished

Notes
Turn   | Place    | Note
-------+----------+-------------------------------------------
     0 | D:1      | jlumianski the Felid Summoner began the quest for the Orb.
     0 | D:1      | Reached XP level 1. HP: 7/7 MP: 4/4
   675 | D:1      | Reached XP level 2. HP: 7/11 MP: 0/6
   678 | D:1      | Learned a level 2 spell: Call Imp
  1200 | D:2      | Noticed a bullfrog
  1325 | D:1      | Killed a bullfrog
  1326 | D:1      | Reached XP level 3. HP: 4/14 MP: 0/7
  1395 | D:1      | Learned a level 3 spell: Call Canine Familiar
  1951 | D:2      | Reached XP level 4. HP: 18/18 MP: 3/9
  2684 | D:3      | Found a glowing silver altar of Zin.
  2969 | D:3      | Noticed MyelinatedAxon's ghost (amateur DsGl)
  2978 | D:3      | Reached skill level 5 in Summonings
  3055 | D:3      | Found a runed translucent gate.
  3055 | D:3      | Found a runed translucent gate.
  3057 | D:3      | Found a runed translucent gate.
  4464 | D:4      | Noticed an ogre
  4475 | D:4      | Killed an ogre
  4476 | D:4      | Reached XP level 5. HP: 21/21 MP: 1/11
  4769 | D:4      | Found a hide-covered altar of Uskayaw.
  4807 | D:4      | Found a runed translucent gate.
  4807 | D:4      | Found a runed translucent gate.
  4807 | D:4      | Identified the +6 dagger of Rashronos {pain, Int+2 Dex+5}
  4808 | D:4      | Found a runed translucent gate.
  4810 | D:4      | Noticed Patoropollo's ghost (amateur FeMo)
  4917 | D:4      | Noticed an ogre
  4931 | D:4      | Killed an ogre
  5068 | D:4      | Found a blossoming altar of Fedhas.
  5195 | D:4      | Reached skill level 1 in Unarmed Combat
  5333 | D:4      | Gained mutation: You are covered in thick fur. (AC +2)
                  | [Felid growth]
  5333 | D:4      | Reached XP level 6. HP: 16/24 MP: 1/13
  5607 | D:3      | Killed MyelinatedAxon's ghost
  5779 | D:4      | Killed Patoropollo's ghost
  5780 | D:4      | Reached skill level 6 in Summonings
  6004 | D:5      | Entered Level 5 of the Dungeon
  6135 | D:5      | Reached skill level 1 in Evocations
  7442 | D:6      | Reached XP level 7. HP: 27/27 MP: 3/14
  7575 | D:6      | Found Nexau's General Store.
  7578 | D:6      | Bought a scroll of magic mapping for 52 gold pieces
  7578 | D:6      | Bought a scroll of blinking for 112 gold pieces
  8145 | D:6      | Noticed Sigmund
  8173 | D:6      | Killed Sigmund
  8275 | D:6      | Reached skill level 5 in Spellcasting
  8568 | D:6      | Reached skill level 5 in Stealth
  9078 | D:7      | Found a staircase to the Ecumenical Temple.
  9096 | Temple   | Entered the Ecumenical Temple
  9124 | Temple   | Became a worshipper of Hepliaklqana the Forgotten
  9454 | D:7      | Splashed by an orc's acid
  9455 | D:7      | Reached XP level 6. HP: -2/22 MP: 12/14
  9821 | D:7      | Splashed by an orc's acid
  9822 | D:7      | Reached XP level 5. HP: -14/18 MP: 6/13
  9858 | D:7      | Reached XP level 6. HP: 22/22 MP: 13/15
  9921 | D:7      | Noticed Pikel
  9929 | D:7      | Learned a level 3 spell: Summon Guardian Golem
  9951 | D:7      | Killed Pikel
  9952 | D:7      | Reached XP level 7. HP: 25/25 MP: 3/17
 10079 | D:7      | Reached skill level 7 in Summonings
 10267 | D:7      | Killed from afar by an orc wizard

Illustrated notes

Levels and vault maps discovered:
D:1:      dpeg_arrival_simpleton_a, layout_basic, item_on_display_b
D:2:      layout_basic, minmay_misc_feat_five, item_on_display_a
D:3:      layout_loops_ring, lemuel_round_altar, gammafunk_ghost_icy,
          chequers_garden, minmay_fractal_squares_5
D:4:      layout_rooms, fedhas_altar_1, lemuel_round_altar,
          gammafunk_ghost_nasty_kobolds
D:5:      layout_cave_pods
D:6:      layout_basic, serial_shops, kennysheep_mini, corexii_corridor_pit,
          minmay_unpleasant_kobolds, uniq_sigmund
D:7:      old_forge, layout_cave_pools, lemuel_round_altar,
          minmay_temple_entry_tees, grunt_decor_mini_mirrors, uniq_pikel
Temple:   regret_index_temple_mists

Skill      XL: |  1  2  3  4  5  6  7 |
---------------+----------------------+-----
Stealth        | 3 4 5 |  5.9
Spellcasting   | 3 4 6 5 |  6.0
Summonings     | 5 6 7 |  7.1
Unarmed Combat | 1 |  1.3
Evocations     | 3 2 |  3.5
Dodging        | 3 4 |  4.6
Fighting       | |  0.5
Hexes          | |  0.2

Action                   |  1- 3 |  4- 6 |  7- 9 || total
-------------------------+-------+-------+-------++-------
Melee: Unarmed           |    19 |    27 |    25 ||    71
       Bite              |     1 |     4 |     1 ||     6
 Cast: Summon Small Mamm |    39 |    38 |    21 ||    98
       Call Imp          |    17 |    96 |    40 ||   153
       Call Canine Famil |     2 |    38 |    18 ||    58
       Summon Guardian G |       |     1 |     2 ||     3
Invok: Recall Ancestor   |       |     1 |       ||     1
Evoke: Wand              |       |     2 |     3 ||     5
  Use: Scroll            |       |     6 |       ||     6
       Potion            |       |     6 |       ||     6
 Stab: Sleeping          |     5 |     5 |     6 ||    16
       Distracted        |     2 |       |       ||     2
Armor: Skin              |     6 |     1 |     2 ||     9
Dodge: Dodged            |    53 |    49 |    56 ||   158
